 Dungeon Crawl Stone Soup version 0.24.0-2-g5b39cebb1c (webtiles) character file.

Game seed: 12053704160719767631, levelgen mode: deterministic

26 Esekla the Sneak (level 3, -5/26 HPs)
             Began as a Formicid Enchanter on Oct 30, 2019.
             Slain by a gnoll
             ... wielding a +1 flail of protection
              (11 damage)
             ... on level 1 of the Dungeon.
             The game lasted 00:06:57 (1497 turns).

Esekla the Sneak (Formicid Enchanter)               Turns: 1497, Time: 00:06:57

Health: -5/26      AC:  3    Str: 12    XL:     3   Next: 22%
Magic:  3/6        EV: 12    Int: 15    God:
Gold:   22         SH:  0    Dex: 11    Spells: 2/6 levels left

rFire    . . .     SeeInvis +   a - +1 dagger
rCold    . . .     Gourm    .   (no shield)
rNeg     . . .     Faith    .   b - +0 robe
rPois    .         Spirit   .   (helmet unavailable)
rElec    .         Reflect  .   (no cloak)
rCorr    .         Harm     .   (no gloves)
MR       .....                  m - +0 pair of boots
Stlth    ++........             (no amulet)
HPRegen  0.08/turn              (no ring)
MPRegen  0.10/turn              (no ring)

@: no status effects
A: permanent stasis, dig shafts and tunnels, four strong arms, antennae 3
a: Dig, Shaft Self


You were on level 1 of the Dungeon.
You were not hungry.

You visited 1 branch of the dungeon, and saw 2 of its levels.

You collected 22 gold pieces.

Inventory:

Hand Weapons
 a - a +1 dagger (weapon)
Missiles
 o - 2 poisoned darts (quivered)
Armour
 b - a +0 robe (worn)
 m - a +0 pair of boots (worn)
Scrolls
 e - a scroll of identify {unknown}
 f - a scroll of noise {unknown}
 h - a scroll of fear {unknown}
 j - a scroll of teleportation {unknown}
 k - 3 scrolls of remove curse {unknown}
 l - a scroll of enchant armour {unknown}
Potions
 c - 2 potions of haste {unknown}
 g - a potion of curing {unknown}
 i - a potion of agility {unknown}
 n - a potion of degeneration {unknown}
Comestibles
 d - 5 rations


   Skills:
 * Level 1.1 Fighting
 + Level 1.3 Short Blades
 + Level 1.9 Dodging
 + Level 4.3 Stealth
 + Level 2.4 Spellcasting
 * Level 0.2 Conjurations
 - Level 3.6 Hexes


You had 2 spell levels left.
You knew the following spells:

 Your Spells              Type           Power        Failure   Level  Hunger
a - Corona                Hex            ##.....      4%          1    #......
d - Dazzling Spray        Conj/Hex       #.....       28%         3    ###....

Your spell library contained the following spells:

 Spells                   Type           Power        Failure   Level  Hunger
 Ensorcelled Hibernation  Hex/Ice        #.....       16%         2    ###....
 Confuse                  Hex            ##......     14%         3    ###....
 Tukima's Dance           Hex            ##......     14%         3    ###....


Dungeon Overview and Level Annotations

Branches:
Dungeon (2/15)

Altars:


Innate Abilities, Weirdness & Mutations

You cannot be hasted, slowed, berserked, paralysed or teleported.
You can dig through walls and to a lower floor.
Your four strong arms can wield two-handed weapons with a shield.
You have a pair of large antennae on your head. (SInv)


Message History

Aiming: Dazzling Spray (safe; 28% risk of failure)
Press: ? - help, Shift-Dir - straight line, f - gnoll
Aim: a gnoll, wielding a +1 flail of protection (moderately wounded)
The spray of energy hits the gnoll.
The gnoll is heavily wounded.
The gnoll is dazzled.
The gnoll hits you with a +1 flail of protection.
* * * LOW HITPOINT WARNING * * *
You hit the gnoll but do no damage.
The gnoll is heavily wounded.
The gnoll closely misses you.
You closely miss the gnoll.
The gnoll is moderately wounded.
You hit the gnoll but do no damage.
The gnoll is moderately wounded.
The gnoll misses you.
You closely miss the gnoll.
The gnoll is moderately wounded.
The gnoll hits you with a +1 flail of protection!
You die...

#.#.# #.#...##.#.######..#
##.#.####.#...##.#.........#
..............##.#########.#
......###.#..#.#.# #.#
.................# #.#
......###.#..#.#.## #.#
......# #.#.......# #####.#
......#
#.#.##g#.#####.....##
#####.#
#.#....#@...........#
#.###.####.g.....###.####
#.....# ######..#|#.#
#####.# #..###.# #.#
#......# ### #......#
#.###### #.# #.#


You could see a gnoll (blind).

Vanquished Creatures
  A dart slug (D:1)
  A leopard gecko (D:1)
  A giant cockroach (D:1)
  6 goblins
  A hobgoblin (D:1)
  A quokka (D:2)
  6 bats
  A frilled lizard (D:1)
  A kobold (D:1)
  3 rats (D:1)
22 creatures vanquished.

Notes
Turn   | Place    | Note
-------+----------+-------------------------------------------
     0 | D:1      | Esekla the Formicid Enchanter began the quest for the Orb.
     0 | D:1      | Reached XP level 1. HP: 13/13 MP: 3/3
   220 | D:1      | Reached XP level 2. HP: 10/20 MP: 5/5
   232 | D:1      | Reached skill level 1 in Fighting
   587 | D:1      | Reached skill level 4 in Stealth
   950 | D:1      | Reached XP level 3. HP: 14/26 MP: 6/6
   956 | D:1      | Learned a level 3 spell: Dazzling Spray
  1497 | D:1      | Slain by a gnoll

Levels and vault maps discovered:
D:1:      saegor_arrival_simple_b, layout_basic, item_on_display_b
D:2:      layout_basic, lemuel_doored_altar, chequers_ecumenical_altar_twisty,
          first_ration, uniq_robin

Skill      XL: |  1  2 |
---------------+-------+-----
Fighting       | 1 |  1.1
Stealth        | 4 |  4.3
Short Blades   | |  1.3
Dodging        | |  1.9
Spellcasting   | |  2.4
Conjurations   | |  0.2
Hexes          | |  3.6

Action                   || total
-------------------------++-------
Melee: Dagger            ||   114
 Cast: Dazzling Spray    ||     1
 Stab: Sleeping          ||     4
  Eat: Chunk             ||     2
Armor: Robe              ||    28
Dodge: Dodged            ||    76
